 Dungeon Crawl Stone Soup version 0.15.1-4-gac8487e (webtiles) character file.

128 Nicoed the Charlatan (level 5, -4/31 HPs)
             Began as a Gargoyle Artificer on Oct 13, 2014.
             Was an Initiate of the Shining One.
             Killed by nerve-wracking pain
             ... invoked by an orc priest
              (6 damage)
             ... on Level 3 of the Dungeon.
             The game lasted 00:20:20 (2277 turns).

Nicoed the Charlatan (Gargoyle Artificer)           Turns: 2277, Time: 00:20:21

HP  -4/31        AC 12     Str 15      XL: 5   Next: 11%
MP   7/7         EV 11     Int 13      God: the Shining One [......]
Gold 95          SH  0     Dex 10      Spells:  0 memorised,  6 levels left

rFire  . . .     SeeInvis .     y - +0 dagger
rCold  . . .     Clarity  .     g - +0 leather armour {rN+}
rNeg   + + .     rCorr    .     (no shield)
rPois  +         rRot     +     w - +0 helmet
rElec  +         Spirit   .     r - +0 cloak {rPois}
SustAb .         Warding  .     (no gloves)
rMut   .         Stasis   .     q - +2 pair of boots
Gourm  .                        j - amulet of faith
MR     .....                    (no ring)
                                (no ring)

@: not resistant to hostile enchantments, very unstealthy
A: negative energy resistance 1, electricity resistance, unbreathing,
petrification resistance, rot immunity, AC +4
a: Renounce Religion


You were on level 3 of the Dungeon.
You worshipped the Shining One.
The Shining One was noncommittal.
You were hungry.

You visited 1 branch of the dungeon, and saw 3 of its levels.

You collected 95 gold pieces.

Inventory:

Hand weapons
 y - a +0 dagger (weapon)
Missiles
 m - 22 bolts
Armour
 g - a +0 leather armour of positive energy (worn)
 q - a +2 pair of boots (worn)
 r - a +0 cloak of poison resistance (worn)
 w - a +0 helmet (worn)
Magical devices
 b - a wand of flame (6)
 c - a wand of enslavement (15)
 d - a wand of random effects (9)
Comestibles
 a - a beef jerky
 u - 3 bread rations
 z - 5 fruits
Scrolls
 e - a scroll of remove curse
 f - a scroll of fog {unknown}
 h - 3 scrolls of recharging {unknown}
 l - a scroll of teleportation {unknown}
 n - 3 scrolls of enchant armour {unknown}
 o - a scroll of magic mapping {unknown}
 t - a scroll of immolation {unknown}
 x - 2 scrolls of blinking {unknown}
Jewellery
 j - an amulet of faith (around neck)
 k - an uncursed ring of teleportation
Potions
 i - 3 potions of curing
 s - a potion of haste
 A - a potion of invisibility


   Skills:
 + Level 2.5 Fighting
 + Level 1.9 Short Blades
 + Level 2.2 Dodging
 - Level 1.1 Stealth
 - Level 1.4 Spellcasting
 + Level 3.5 Evocations


You had 6 spell levels left.
You didn't know any spells.

Dungeon Overview and Level Annotations

Branches:
Dungeon (3/15)

Altars:
Elyvilon
The Shining One


Innate Abilities, Weirdness & Mutations

You are resistant to torment.
You are immune to poison.
Your stone body is very resilient (AC +4).
You resist negative energy.
You are resistant to electric shocks.
You can survive without breathing.
You are immune to petrification.
You are immune to rotting.


Message History

* * * LOW HITPOINT WARNING * * *
You feel much better. Something hits you but does no damage.
You are feeling hungry.
You miss something.
You hear something call down the wrath of Beogh upon you.
Pain shoots through your body!
You barely miss something.
You hear something call down the wrath of Beogh upon you.
Pain shoots through your body!
You miss something. Something hits you.
Zapping:
b - a wand of flame (7)
Press: ? - help, Shift-Dir - straight line The puff of flame hits something.
This wand has 6 charges left.
You hear something call down the wrath of Beogh upon you.
Something smites you!
* * * LOW HITPOINT WARNING * * *
Unknown command.
You hear something call down the wrath of Beogh upon you.
Pain shoots through your body!
You die...

#..#.#.# ###..#.#.#
....#.#.####### #####
####.##.#....(..# ....#
#.......#######.# ....# #
#%....#.....# #.#
....#.#.#####.....#.###.###.#
....#..........#.<....#.....#
....#.#.........@........####
##### #####.############.#
#...o...o.o #.# ##########.
#.# #.# #.# #.# #.# ..#


There were no monsters in sight!

Vanquished Creatures
  Crazy Yiuf (D:2)
  3 adders
  A giant mite (D:2)
  A worm (D:2)
  2 giant geckos
  An ooze (D:1)
  3 orcs (D:2)
  2 giant cockroaches (D:1)
  4 goblins
  6 hobgoblins
  4 jackals (D:2)
  7 kobolds
  A ball python (D:3)
  10 bats
  A giant newt (D:1)
  4 rats
  2 fungi (D:2)
53 creatures vanquished.

Notes
Turn   | Place    | Note
--------------------------------------------------------------
     0 | D:1      | Nicoed, the Gargoyle Artificer, began the quest for the Orb.
     0 | D:1      | Reached XP level 1. HP: 12/12 MP: 1/1
    52 | D:1      | Reached skill level 1 in Short Blades
   146 | D:1      | Reached XP level 2. HP: 2/16 MP: 2/2
   717 | D:2      | Reached XP level 3. HP: 18/21 MP: 4/4
   940 | D:2      | Reached skill level 3 in Evocations
  1085 | D:2      | Reached skill level 1 in Spellcasting
  1098 | D:2      | Found a glowing golden altar of the Shining One.
  1098 | D:2      | Found a white marble altar of Elyvilon.
  1104 | D:2      | Became a worshipper of the Shining One
  1194 | D:2      | Reached XP level 4. HP: 24/26 MP: 6/6
  1746 | D:2      | Noticed Crazy Yiuf
  1760 | D:2      | Killed Crazy Yiuf
  1912 | D:3      | Reached XP level 5. HP: 9/31 MP: 7/7
  2277 | D:3      | Killed from afar by an orc priest

Action                   |  1- 3 |  4- 6 || total
-------------------------+-------+-------++-------
Melee: Short sword       |   137 |   114 ||   251
       Dagger            |       |    87 ||    87
Evoke: Wand              |     4 |    11 ||    15
  Use: Scroll            |     3 |     3 ||     6
       Potion            |       |     1 ||     1
  Eat: Bread ration      |     1 |       ||     1
